 Dungeon Crawl Stone Soup version 0.18.1-2-ga659475 (webtiles) character file.

1943839 inmateoo the Evocator (level 27, 231/261 HPs)
             Began as a Deep Dwarf Summoner on May 8, 2016.
             Was the Champion of Makhleb.
             Escaped with the Orb
             ... and 3 runes!
             The game lasted 03:13:31 (52935 turns).

inmateoo the Evocator (Deep Dwarf Summoner)        Turns: 52935, Time: 03:13:32

Health: 231/261    AC: 46    Str: 32    XL:     27
Magic:  5/20       EV: 24    Int: 23    God:    Makhleb [******]
Gold:   3151       SH: 18    Dex: 17    Spells: 8 memorised, 9 levels left

rFire  + + +     SeeInvis .     D - +6 war axe (elec)
rCold  + + +     Gourm    .     J - +7 gold dragon armour
rNeg   + + .     Faith    .     x - +0 shield {reflect}
rPois  +         Spirit   +     j - +2 hat of the Bear Spirit {Spirit, +Rage rN+ MR++}
rElec  +         Dismiss  .     s - +4 dragonskin cloak
rCorr  +         Reflect  +     V - +2 pair of gloves {Str+3}
SustAt .         Harm     .     m - +2 pair of boots {Stlth+}
MR     +++++     Rnd*Rage +     P - amulet "Koydek" {Spirit rC+}
Stlth  ..........               w - ring of protection from fire
                                l - +3 ring of slaying

@: mighty, brilliant, agile, resistant, very slightly contaminated,
non-regenerating, hasted, very quick, almost entirely resistant to hostile
enchantments, extremely unstealthy
A: damage resistance, recharge devices, antennae 1, berserk 1, blink,
deterioration 2, magic resistance 1, negative energy resistance 1, sense
surroundings 3, screaming 1, slow regeneration 3, subdued magic 1
a: Device Recharging, Blink, Minor Destruction, Lesser Servant of Makhleb, Major
Destruction, Greater Servant of Makhleb, Renounce Religion, Evoke Berserk Rage
0: Orb of Zot
}: 3/15 runes: decaying, serpentine, silver


You escaped.
You worshipped Makhleb.
Makhleb was exalted by your worship.
You were not hungry.

You visited 11 branches of the dungeon, and saw 53 of its levels.
You also visited: Bailey.

You collected 6800 gold pieces.
You spent 3641 gold pieces at shops.

Inventory:

Hand Weapons
 D - a +6 war axe of electrocution (weapon)
Armour
 j - the +2 hat of the Bear Spirit (worn) {Spirit, +Rage rN+ MR++}
   (You bought it in a shop on level 2 of the Orcish Mines)

   It protects you from negative energy.
   It affects your resistance to hostile enchantments.
   It lets you go berserk.
 m - a +2 pair of boots of stealth (worn)
 s - the +4 dragonskin cloak (worn)
   (You took it off Tiamat on level 4 of the Realm of Zot)
 x - a +0 shield of reflection (worn)
 J - a +7 gold dragon armour (worn)
 V - a +2 pair of gloves of strength (worn)
Jewellery
 a - an uncursed ring of resist corrosion
 k - an uncursed ring of protection from cold
 l - a +3 ring of slaying (left hand)
 w - a ring of protection from fire (right hand)
 G - the ring "Innecez" {rN+++ MR+ Str-4 Dex-3 Stlth+}
   (You found it on level 13 of the Dungeon)

   [ring of protection from magic]

   It affects your strength (-4).
   It affects your dexterity (-3).
   It renders you almost immune to negative energy.
   It affects your resistance to hostile enchantments.
   It makes you more stealthy.
 P - the amulet "Koydek" (around neck) {Spirit rC+}
   (You bought it in a shop on level 4 of the Vaults)

   [amulet of guardian spirit]

   It causes incoming damage to be split between your health and magic.
   It protects you from cold.
Wands
 c - a wand of digging (4/24)
 e - a wand of heal wounds (5/9)
 p - a wand of teleportation (3/9)
 B - a wand of heal wounds (8/9)
 R - a wand of disintegration (7/24)
Scrolls
 h - 17 scrolls of teleportation
 i - 20 scrolls of remove curse
 n - 7 scrolls of fog
 E - 4 scrolls of recharging
 F - 9 scrolls of identify
 I - a scroll of enchant armour
 K - 6 scrolls of fear
 N - a scroll of blinking
 T - 2 scrolls of magic mapping
Potions
 f - a potion of magic
 o - 17 potions of curing
 t - 14 potions of brilliance
 u - 2 potions of invisibility
 v - 5 potions of cancellation
 y - a potion of ambrosia
 z - 4 potions of haste
 A - 2 potions of agility
 C - 3 potions of cure mutation
 H - 3 potions of heal wounds
 M - 8 potions of flight
 O - 4 potions of might
Miscellaneous
 b - a phial of floods (inert)
 q - a legendary deck of defence {drawn: 3}
 Q - a stone of tremors (inert)
 U - the horn of Geryon (inert)
 X - a fan of gales
 Y - a box of beasts {used: 7}
 Z - a lamp of fire
Comestibles
 d - 36 bread rations
 r - 21 meat rations


   Skills:
 + Level 18.2 Fighting
   Level 11.9 Long Blades
 + Level 21.2 Axes
 + Level 20.7 Armour
 + Level 20.1 Dodging
 - Level 4.0 Stealth
 + Level 21.3 Shields
 - Level 1.7 Spellcasting
 - Level 4.0 Summonings
 * Level 25.0 Evocations


You had 9 spell levels left.
You knew the following spells:

 Your Spells              Type           Power        Failure   Level  Hunger
a - Summon Small Mammal   Summ           ####         2%          1    #......
b - Call Imp              Summ           ####....     4%          2    ##.....
c - Call Canine Familiar  Summ           ####....     12%         3    ###....
d - Apportation           Tloc           ##........   24%         1    #......
e - Shroud of Golubria    Chrm/Tloc      ##........   36%         2    ##.....
f - Song of Slaying       Chrm           ##......     36%         2    ##.....
g - Spectral Weapon       Hex/Chrm       ##......     58%         3    ###....
h - Deflect Missiles      Chrm/Air       ##........   100%        6    #######


Dungeon Overview and Level Annotations

Branches:
Dungeon (15/15)            Temple (1/1) D:6            Lair (8/8) D:11
  Swamp (4/4) Lair:5        Snake (4/4) Lair:6        Slime (0/6) Lair:7
    Orc (2/2) D:12            Elf (3/3) Orc:2        Vaults (5/5) D:14
  Crypt (0/3) Vaults:2     Depths (5/5) D:15           Hell (1/1)
    Zot (5/5) Depths:5
    Dis: Hell:1         Geh: Hell:1         Coc: Hell:1         Tar: Hell:1

Altars:
Ashenzari
Cheibriados
Dithmenos
Elyvilon
Fedhas
Gozag
Kikubaaqudgha
Makhleb
Nemelex Xobeh
Okawaru
Pakellas
Qazlal
Ru
Sif Muna
Trog
Vehumet
Xom
Yredelemnul
Zin
The Shining One
Jiyva

Shops:
D:6 *   D:8 :   D:12 (   Orc:2 [*(:   Elf:1 :   Elf:2 *   Snake:1 (*}![
Snake:4 (   Vaults:4 ***

Portals:
Hell: Lair:8 Depths:1 Depths:2 Depths:3 Depths:4 Depths:5
Abyss: Depths:2 Depths:4 Depths:5
Pandemonium: Depths:3 Depths:4 Depths:5
Ziggurat: Depths:4
Trove: Elf:3 (give 7 potions of agility)

Annotations:
D:6 1 runed door
Lair:7 1 runed door
Snake:2 Vashnia
Zot:5 1 exclusion


Innate Abilities, Weirdness & Mutations

You are resistant to damage.
You can recharge devices by infusing magical energy.
You resist negative energy.
You passively map a large area around you.
You do not regenerate naturally.
You have a pair of small antennae on your head.
You tend to lose your temper in combat.
You can translocate small distances at will.
Your body often deteriorates upon taking damage.
You are resistant to hostile enchantments.
You occasionally shout uncontrollably at your foes.
Your spells are a little easier to cast, but a little less powerful.


Message History

You hear a roar!
Faxtinuq gestures at you. You resist with almost no effort.
Evoke which item? (* to show all) (? for menu, Esc to quit)
Zapping:
c - a wand of digging (5/24)
Press: ? - help, Shift-Dir - straight line The rock shatters into small pieces.
This wand has 4 charges left.
There is a staircase leading out of the dungeon here.
Drink which item? (? for menu, Esc to quit)
You feel clever all of a sudden.
Drink which item? (? for menu, Esc to quit)
You feel very mighty all of a sudden.
Drink which item? (? for menu, Esc to quit)
You feel protected.
Drink which item? (? for menu, Esc to quit)
You feel agile all of a sudden. Faxtinuq gestures at you.
Your +0 shield of reflection reflects the crystal spear!
The crystal spear hits Faxtinuq.
You have escaped!

#...........#.###.####.#......
#.......^........>............
#...........#.###.##.#...4....
#.....†.....#.# #.##......#..4
#....)......#.###.#####4..#&..
#...........#..........####.4.
#######.....###......4.# #...
#.....###...&....####3..
##.....#@##.......#......
#......'.&..4.....#...1..
######......#.##.......#.....#
#.............##.......#.....#
#.............##.......#.....#
#.............##.......#.....#
#...##........####....##......
#...##........# #....##......
#...##........# #######......


You could see Faxtinuq and an ice devil.

Vanquished Creatures
  3 orbs of fire (Zot:5)
  Mara (Depths:2)
  7 ancient liches
  A pandemonium lord (D:12)
  Sojobo (Depths:2)
  Saint Roka (Depths:2)
  A Killer Klown (Zot:3)
  2 curse toes
  A caustic shrike (Depths:3)
  Geryon (Hell)
  7 golden dragons
  the Enchantress (Depths:3)
  An iron giant (Depths:3)
  A profane servitor (D:7)
  A bone dragon (Swamp:4)
  3 electric golems (Zot:5)
  17 tentacled monstrosities
  4 liches
  17 Orb Guardians
  Rupert (Lair:5)
  Asterion (Elf:2)
  3 titans
  3 quicksilver dragons
  3 deep elf blademasters
  2 death cobs
  3 sphinxes
  4 draconian monks
  A thorn hunter (Swamp:4)
  20 storm dragons
  4 shadow dragons
  11 tengu reavers
  10 greater nagas
  The ghost of CcS the Severer, a journeyman MiBe of Trog (Swamp:4)
  7 frost giants
  8 fire giants
  Wiglaf (Vaults:3)
  2 ghost moths
  Donald (Swamp:3)
  A deep elf sorcerer (Elf:3)
  15 vault wardens
  2 draconian knights (Zot:3)
  2 orc warlords
  3 draconian zealots
  2 draconian shifters (Zot:2)
  Louise (Swamp:3)
  Aizul (Snake:1)
  A spriggan defender (Depths:3)
  2 reapers
  4 draconian annihilators (Zot:2)
  2 deep elf elementalists (Elf:3)
  4 war gargoyles
  10 ironheart preservers
  2 draconian callers (Depths:5)
  4 deep elf demonologists
  39 very ugly things
  2 vampire knights (Depths:5)
  5 red draconians
  4 green draconians
  12 stone giants
  A dire elephant (Lair:8)
  9 black draconians
  5 salamander stormcallers
  7 purple draconians
  3 mottled draconians
  3 yellow draconians
  4 spark wasps (Depths:3)
  6 deep elf annihilators
  Azrael (D:12)
  10 white draconians
  A crystal guardian (Vaults:4)
  15 ettins
  31 vault guards
  Josephine (D:10)
  6 deep elf death magi
  14 fire dragons
  5 deep elf high priests
  17 yaktaur captains
  Harold (Orc:1)
  19 hydras
  7 rakshasas
  5 entropy weavers
  10 great orbs of eyes
  12 ice dragons
  2 ghost crabs
  7 naga warriors
  A hell beast (Lair:8)
  A monstrous demonspawn (Depths:4)
  3 spriggan air magi
  31 dancing weapons
  3 vampire magi
  8 centaur warriors
  2 deep troll shamans
  14 death yaks
  A queen ant (Lair:4)
  10 ogre magi
  11 anacondas
  7 alligators
  10 shock serpents
  5 deep troll earth magi
  15 tengu warriors
  7 spriggan berserkers
  15 hell knights (Depths:3)
  5 orc high priests
  5 sun demons
  10 naga sharpshooters
  17 deep elf knights
  2 soul eaters (Depths:3)
  A small abomination (Elf:3)
  7 spriggans
  Nergalle (D:12)
  A fire crab (shapeshifter) (Vaults:2)
  19 skeletal warriors
  2 fire crabs
  21 deep trolls
  2 unseen horrors
  2 flayed ghosts
  A spriggan druid (Swamp:3)
  6 giant orange brains
  A shambling mangrove (Swamp:1)
  10 sea snakes (Snake:4)
  10 ironbrand convokers
  A harpy (shapeshifter) (Vaults:3)
  8 hill giants
  9 deep elf archers
  3 swamp dragons
  6 necromancers
  4 naga ritualists
  40 deep elf magi
  5 phantasmal warriors
  A shadow dragon zombie (D:15)
  3 spectral hydras (Swamp:4)
  A sphinx zombie (D:15)
  9 mana vipers
  3 wolf spiders (Vaults:2)
  13 orc knights
  7 griffons
  A wizard (Lair:8)
  6 orc sorcerers
  44 ugly things
  6 salamanders
  7 cyclopes
  3 manticores
  4 hornets
  A cyclops (shapeshifter) (Vaults:2)
  A sphinx skeleton (Depths:1)
  A manticore (shapeshifter) (Vaults:4)
  2 centaur zombies
  10 rust devils
  14 moths of wrath
  An elephant (Lair:6)
  41 black mambas
  A black mamba (shapeshifter) (Vaults:4)
  2 frost giant skeletons (Depths:1)
  A titan simulacrum (Depths:3)
  2 guardian serpents (Snake:4)
  14 vault sentinels
  A spiny frog (shapeshifter) (Depths:1)
  17 naga magi
  Maurice (D:12)
  5 orange demons (Lair:8)
  A gargoyle (D:15)
  A smoke demon (Zot:5)
  4 rime drakes
  2 centaur skeletons
  An ice statue (Depths:3)
  19 spiny frogs
  51 yaktaurs
  A swamp worm zombie (Swamp:4)
  6 komodo dragons
  4 kobold demonologists
  3 hellwings
  6 freezing wraiths
  2 efreet
  2 guardian mummies
  A queen bee (Lair:3)
  2 tengu conjurers
  4 hydra zombies (Swamp:4)
  3 red devils (Depths:3)
  7 ice devils
  A troll (shapeshifter) (Elf:3)
  3 giant leeches
  10 trolls
  2 jumping spiders
  6 boulder beetles
  Grinder (D:5)
  27 two-headed ogres
  9 bog bodies
  2 spectral swamp dragons (Swamp:4)
  16 slime creatures
  2 ice dragon zombies
  4 alligator zombies (Swamp:4)
  27 blink frogs
  A fire dragon skeleton (Depths:1)
  A stone giant simulacrum (Depths:1)
  A flying skull (Depths:3)
  5 air elementals
  A wyvern (D:12)
  A frost giant simulacrum (Depths:3)
  A ynoxinul (Zot:1)
  16 redbacks
  7 shadows
  A centaur simulacrum (D:14)
  A spriggan (shapeshifter) (Vaults:3)
  8 wraiths
  A yak (shapeshifter) (Vaults:4)
  54 yaks
  5 water elementals
  3 vampires (Vaults:2)
  A basilisk (shapeshifter) (Vaults:4)
  An elf zombie (D:15)
  5 basilisks
  A human (shapeshifter) (Elf:1)
  45 vampire mosquitoes
  A yaktaur simulacrum (Vaults:2)
  6 fire elementals
  2 steam dragons
  A chaos spawn (Depths:4)
  20 hippogriffs
  A hungry ghost (D:11)
  A mottled dragon (D:13)
  22 swamp worms
  45 nagas
  16 insubstantial wisps
  7 wargs
  A soldier ant (shapeshifter) (Vaults:3)
  20 soldier ants (Lair:4)
  18 water moccasins
  16 porcupines
  10 hell hounds
  60 orc warriors
  3 ice beasts
  4 swamp drakes
  3 sky beasts (D:11)
  8 wasps
  2 necrophages
  7 phantoms
  3 swamp dragon zombies (Swamp:4)
  2 eyes of draining
  2 eyes of draining (shapeshifter)
  7 boggarts
  42 ogres
  13 wolves
  9 centaurs
  21 crocodiles
  4 big kobolds
  26 giant frogs
  2 glowing shapeshifter simulacra (Depths:3)
  2 deep troll simulacra
  2 earth elementals
  A wyvern skeleton (D:13)
  4 scorpions
  28 killer bees
  3 wights (D:14)
  2 howler monkeys
  5 electric eels
  10 crimson imps
  A giant frog zombie (D:11)
  3 human zombies (D:14)
  A quasit (D:14)
  A gnoll shaman (D:4)
  29 orc priests
  3 giant frog skeletons
  3 hounds
  7 iguanas
  44 orc wizards
  A human skeleton (D:14)
  Terence (D:3)
  A spectral swamp drake (Swamp:4)
  28 worker ants
  A worker ant (shapeshifter) (Depths:2)
  11 sheep
  A hound zombie (D:10)
  2 hound skeletons
  2 mummies (D:14)
  Robin (D:2)
  2 worker ant zombies
  7 gnolls
  48 river rats
  A swamp drake zombie (Swamp:4)
  10 adders
  2 shadow imps
  12 white imps (D:11)
  An adder zombie (D:7)
  An adder skeleton (D:3)
  A worm (D:5)
  2 dart slugs
  6 giant geckos
  125 orcs
  4 giant cockroaches
  10 goblins
  6 hobgoblins
  12 jackals
  8 kobolds
  5 quokkas
  A ball python (D:2)
  A ball python skeleton (D:4)
  16 bats
  8 giant newts
  An orc zombie (D:14)
  13 rats
  4 briar patches (Swamp:4)
  A bush (Lair:8)
  3 butterflies (D:6)
  3 crawling corpses (Elf:3)
  A fire vortex (Vaults:3)
  13 fungi
  8 plants
2372 creatures vanquished.

Vanquished Creatures (collateral kills)
  Tiamat (Zot:4)
  2 ancient liches (Zot:5)
  An orb of fire (Zot:5)
  A juggernaut (Depths:2)
  2 caustic shrikes (Depths:3)
  A Killer Klown (Zot:5)
  Nikola (Swamp:3)
  Jory (Depths:3)
  2 electric golems (Zot:1)
  Jorgrun (Elf:3)
  A tentacled monstrosity (Zot:2)
  3 Orb Guardians (Zot:5)
  2 titans (Vaults:5)
  A death cob (Zot:5)
  A shadow dragon (Depths:5)
  An Executioner (D:12)
  A tengu reaver (Vaults:5)
  A storm dragon (Depths:3)
  Agnes (Snake:2)
  2 greater nagas (Snake:4)
  A deep elf sorcerer (Elf:3)
  A vault warden (Vaults:5)
  A draconian shifter (Zot:2)
  2 deep elf elementalists (Elf:3)
  A draconian annihilator (Zot:4)
  A very ugly thing (Vaults:5)
  4 spriggan defenders (Depths:3)
  2 stone giants
  A green draconian (Zot:4)
  3 purple draconians
  4 black draconians
  2 white draconians (Zot:4)
  Snorg (Lair:7)
  A yellow draconian (Zot:2)
  A deep elf death mage (Elf:3)
  An ettin (Depths:3)
  Fannar (D:12)
  A yaktaur captain (Depths:2)
  A spriggan air mage (Depths:2)
  A dancing weapon (Vaults:5)
  2 tengu warriors (Depths:3)
  3 death yaks
  An alligator (Swamp:3)
  A spriggan berserker (Depths:3)
  A deep elf mage (Vaults:5)
  A sixfirhy (Zot:1)
  A spiny frog (Lair:8)
  2 yaktaurs (Depths:2)
  A tengu conjurer (Depths:3)
  A redback (shapeshifter) (Depths:3)
  Sigmund (D:3)
  A yak (D:7)
  2 spriggans (Depths:3)
  A wraith (Depths:3)
  A human (D:7)
  A hippogriff (Lair:8)
  A vampire mosquito (Swamp:3)
  A water moccasin (D:9)
  2 orc warriors
  An ice beast (D:5)
  Purgy (D:3)
  2 sky beasts
  An ogre (D:6)
  A crocodile (D:9)
  Blork the orc (D:4)
  A giant frog (D:8)
  A killer bee (D:9)
  2 howler monkeys
  A centaur zombie (D:6)
  A hound (D:7)
  A giant frog zombie (D:7)
  A jelly (D:5)
  A giant frog skeleton (D:5)
  2 orc priests
  9 orc wizards
  2 hell rats (Hell)
  3 worker ants
  2 sheep (D:7)
  A worker ant zombie (D:10)
  4 gnolls
  2 worms
  14 orcs
  A giant cockroach (D:3)
  3 goblins
  5 hobgoblins
  A jackal (D:7)
  7 kobolds
  A quokka (D:10)
  A giant newt (D:3)
  A quokka skeleton (D:3)
  A butterfly (D:6)
159 creatures vanquished.

Vanquished Creatures (others)
  4 Orb Guardians (Zot:5)
  2 deep elf master archers (Elf:3)
  A tengu reaver (Depths:2)
  A deep elf sorcerer (Elf:1)
  A draconian scorcher (Zot:4)
  A fire giant (Depths:3)
  A stone giant (Depths:3)
  A yaktaur captain (Depths:5)
  2 ice dragons
  A centaur warrior (Depths:1)
  2 ogre magi (Depths:1)
  A naga sharpshooter (Snake:4)
  A soul eater (Depths:3)
  A phantasmal warrior (Vaults:5)
  An orc knight (Vaults:3)
  3 deep elf archers
  2 moths of wrath (Zot:5)
  A spiny frog (Swamp:2)
  5 yaktaurs
  A slime creature (Swamp:2)
  A naga (Snake:4)
  6 insubstantial wisps
  A swamp worm (Swamp:1)
  A wasp (D:11)
  A phantom (Swamp:4)
  A boggart (Vaults:2)
  2 centaurs
  An earth elemental (Elf:1)
  An orc wizard (Vaults:5)
  A spectral swamp drake (Swamp:4)
  A fire vortex (Depths:3)
  15 fungi
  2 plants (D:11)
67 creatures vanquished.

Grand Total: 2598 creatures vanquished

Notes
Turn   | Place    | Note
--------------------------------------------------------------
     0 | D:1      | inmateoo the Deep Dwarf Summoner began the quest for the Orb.
     0 | D:1      | Reached XP level 1. HP: 15/15 MP: 3/3
   189 | D:1      | Reached XP level 2. HP: 22/22 MP: 4/4
   225 | D:1      | Learned a level 2 spell: Call Imp
   807 | D:2      | Reached XP level 3. HP: 20/28 MP: 5/5
  1023 | D:2      | Found an opulent altar of Gozag.
  1030 | D:2      | Found a blossoming altar of Fedhas.
  1087 | D:2      | Noticed Robin
  1130 | D:2      | Killed Robin
  1130 | D:2      | Reached skill level 1 in Fighting
  1566 | D:3      | Reached XP level 4. HP: 35/39 MP: 1/6
  1587 | D:3      | Learned a level 3 spell: Call Canine Familiar
  1619 | D:3      | Noticed Sigmund
  1744 | D:3      | Noticed Purgy
  1797 | D:3      | Noticed Terence
  1815 | D:3      | Killed Terence
  1815 | D:3      | Reached skill level 1 in Axes
  2117 | D:3      | Killed Purgy
  2117 | D:3      | Reached XP level 5. HP: 30/45 MP: 1/7
  2184 | D:3      | Found a shattered altar of Ashenzari.
  2207 | D:3      | Killed Sigmund
  2207 | D:3      | Reached XP level 6. HP: 34/52 MP: 3/8
  2300 | D:3      | Reached skill level 5 in Axes
  2496 | D:4      | Found a snail-covered altar of Cheibriados.
  3076 | D:4      | Noticed Blork the orc
  3095 | D:4      | Killed Blork the orc
  3151 | D:5      | Entered Level 5 of the Dungeon
  3221 | D:5      | Reached skill level 1 in Armour
  3221 | D:5      | Reached XP level 7. HP: 45/61 MP: 9/9
  3231 | D:5      | Noticed Grinder
  3245 | D:5      | Paralysed by Grinder for 2 turns
  3293 | D:5      | Reached skill level 1 in Shields
  3999 | D:5      | Found an oddly glowing altar of Pakellas.
  4237 | D:6      | Gained mutation: You are robust (+10% HP). [mutagenic meat]
  4263 | D:6      | Noticed a human
  4265 | D:6      | Found a runed door.
  4271 | D:6      | Found a basalt altar of Yredelemnul.
  4445 | D:6      | Gained mutation: You possess an exceptional clarity of mind. [potion of beneficial mutation]
  4660 | D:6      | Reached XP level 8. HP: 32/75 MP: 5/10
  4730 | D:6      | Found Jititirch's General Store.
  4738 | D:6      | Bought a scroll of identify for 30 gold pieces
  4738 | D:6      | Bought a throwing net for 45 gold pieces
  4738 | D:6      | Bought a scroll of teleportation for 45 gold pieces
  5222 | D:6      | Found a staircase to the Ecumenical Temple.
  5228 | Temple   | Entered the Ecumenical Temple
  5649 | D:7      | Found a stormy altar of Qazlal.
  6208 | D:7      | Gained mutation: You passively map the area around you. [Deep Dwarf growth]
  6208 | D:7      | Reached XP level 9. HP: 40/88 MP: 1/11
  6230 | D:7      | Reached skill level 5 in Armour
  6287 | D:7      | Reached skill level 5 in Shields
  6343 | D:7      | Found a sacrificial altar of Ru.
  6373 | D:7      | Reached skill level 5 in Fighting
  6809 | D:8      | Found Oviuram's Book Shop.
  7048 | D:8      | Reached skill level 1 in Evocations
  7103 | D:8      | Reached skill level 2 in Evocations
  7483 | D:9      | Reached skill level 3 in Evocations
  7510 | D:9      | Got a dazzling spear
  7593 | D:9      | Found a burning altar of Makhleb.
  7598 | D:9      | Became a worshipper of Makhleb the Destroyer
  7641 | D:9      | Identified the cursed +1 spear "Comi" {pierce, rC+ Int+5 Stlth+} (You found it on level 9 of the Dungeon)
  8265 | D:10     | Entered Level 10 of the Dungeon
  8289 | D:10     | Noticed Josephine
  8332 | D:10     | Noticed a hill giant
  8364 | D:10     | Killed a hill giant
  8364 | D:10     | Reached skill level 4 in Evocations
  8485 | D:10     | Reached * piety under Makhleb
  8642 | D:10     | Killed an unseen horror
  8642 | D:10     | Reached XP level 10. HP: 33/100 MP: 10/12
  8869 | D:10     | Reached skill level 5 in Evocations
  8900 | D:10     | Noticed a four-headed hydra
  8961 | D:11     | Reached ** piety under Makhleb
  9068 | D:11     | Found a frozen archway.
  9096 | D:11     | Reached skill level 5 in Dodging
  9112 | D:11     | Reached *** piety under Makhleb
  9125 | D:11     | Gained mutation: You can translocate small distances at will. [mutagenic meat]
  9126 | D:11     | Gained mutation: You are weak. (Str -2) [mutagenic meat]
  9292 | D:11     | Found a flagged portal.
  9301 | Bailey   | Entered a bailey
  9402 | Bailey   | Reached skill level 6 in Evocations
  9534 | Bailey   | Reached **** piety under Makhleb
  9656 | Bailey   | Found a roughly hewn altar of Beogh.
  9657 | Bailey   | Noticed an orc knight
  9691 | Bailey   | Killed an orc knight
  9777 | Bailey   | Got an ivory bardiche
  9780 | Bailey   | Identified a scroll of acquirement
  9783 | Bailey   | Got a bloodstained shield
  9795 | Bailey   | Identified the +5 shield of a wizard's laboratory {MR- Regen+ Dex+5} (You acquired it in a bailey)
 10020 | D:11     | Reached XP level 11. HP: 87/110 MP: 12/12
 10095 | D:11     | Reached skill level 7 in Evocations
 10233 | D:11     | Reached skill level 10 in Axes
 10304 | D:11     | Noticed a seven-headed hydra
 10305 | D:11     | Noticed a skeletal warrior
 10344 | D:12     | Noticed Nergalle
 10408 | D:12     | Killed Nergalle
 10605 | D:12     | Reached ***** piety under Makhleb
 10650 | D:12     | Found Eqis's Weapon Emporium.
 10656 | D:12     | Found a staircase to the Orcish Mines.
 10768 | D:12     | Noticed Maurice
 10886 | D:12     | Noticed Fannar
 11142 | D:12     | Noticed Azrael
 11156 | D:12     | Killed Azrael
 11156 | D:12     | Reached skill level 8 in Evocations
 11432 | D:12     | Killed Maurice
 11512 | D:11     | Noticed a skeletal warrior
 11512 | D:11     | Noticed a skeletal warrior
 11526 | D:11     | Noticed a six-headed hydra
 11611 | D:11     | Killed a one-headed hydra
 11657 | D:11     | Killed a one-headed hydra
 11878 | D:11     | Noticed a skeletal warrior
 12096 | D:10     | Noticed a hill giant
 12110 | D:10     | Killed a hill giant
 12110 | D:10     | Reached skill level 9 in Evocations
 12165 | D:10     | Killed Josephine
 12165 | D:10     | Reached XP level 12. HP: 112/123 MP: 9/9
 12205 | D:11     | Found a staircase to the Lair.
 12217 | Lair:1   | Entered Level 1 of the Lair of Beasts
 12530 | Lair:1   | Noticed a fire dragon
 13352 | Lair:2   | Reached ****** piety under Makhleb
 13656 | Lair:3   | Reached skill level 10 in Evocations
 14014 | Lair:3   | Reached skill level 10 in Armour
 14036 | Lair:3   | Identified the +7 bardiche "Jellyslayer" {venom, *Confuse rPois rF+ rC++} (You found it in a bailey)
 14695 | Lair:4   | Noticed a death yak
 14695 | Lair:4   | Noticed a death yak
 14697 | Lair:4   | Noticed a death yak
 14701 | Lair:4   | Noticed a death yak
 14701 | Lair:4   | Noticed a death yak
 14721 | Lair:4   | Killed a death yak
 14721 | Lair:4   | Killed a death yak
 14723 | Lair:4   | Killed a death yak
 14723 | Lair:4   | Reached XP level 13. HP: 108/133 MP: 12/12
 14724 | Lair:4   | Reached skill level 11 in Evocations
 15869 | Lair:5   | Noticed Rupert
 15902 | Lair:5   | Killed Rupert
 15902 | Lair:5   | Reached skill level 10 in Dodging
 16089 | Lair:5   | Found a staircase to the Swamp.
 16150 | Lair:5   | Reached skill level 12 in Evocations
 16267 | Lair:5   | Reached skill level 10 in Shields
 16416 | Lair:6   | Found a staircase to the Snake Pit.
 16569 | Lair:7   | Reached skill level 10 in Fighting
 16667 | Lair:8   | Entered Level 8 of the Lair of Beasts
 16806 | Lair:8   | Gained mutation: You resist negative energy. [Deep Dwarf growth]
 16806 | Lair:8   | Reached XP level 14. HP: 131/145 MP: 14/14
 16969 | Lair:8   | Got a transparent hat
 17005 | Lair:8   | Identified the +2 hat "Wafiafohef" {rC+ Dex+3} (You acquired it on level 8 of the Lair of Beasts)
 17785 | Lair:7   | Reached skill level 13 in Evocations
 17795 | Lair:7   | Found a runed door.
 17797 | Lair:7   | Found a viscous altar of Jiyva.
 17797 | Lair:7   | Noticed an acid blob
 17798 | Lair:7   | Noticed an acid blob
 17799 | Lair:7   | Found a staircase to the Slime Pits.
 18153 | Lair:7   | Noticed Snorg
 18170 | Lair:7   | Killed Snorg
 18419 | Lair:7   | Learned a level 1 spell: Apportation
 19369 | D:11     | Reached XP level 15. HP: 147/154 MP: 16/16
 19676 | D:5      | Killed Grinder
 19844 | D:12     | Killed Fannar
 20042 | Orc:1    | Entered Level 1 of the Orcish Mines
 20081 | Orc:1    | Noticed Harold
 20094 | Orc:1    | Killed Harold
 20239 | Orc:1    | Noticed an orc warlord
 20273 | Orc:1    | Killed an orc warlord
 20423 | Orc:2    | Entered Level 2 of the Orcish Mines
 20685 | Orc:2    | Noticed an orc warlord
 20738 | Orc:2    | Killed an orc warlord
 20899 | Orc:2    | Reached skill level 14 in Evocations
 20927 | Orc:2    | Found Quqofyshai's General Store.
 20928 | Orc:2    | Found Cosix's Book Shop.
 20929 | Orc:2    | Found Vus Ukhu's Antique Armour Boutique.
 20929 | Orc:2    | Found Pyenoq's Antique Weapon Boutique.
 20933 | Orc:2    | Bought the +2 hat of the Bear Spirit {Spirit, +Rage rN+ MR++} for 1290 gold pieces
 20967 | Orc:2    | Bought a steaming war axe for 280 gold pieces
 20967 | Orc:2    | Identified the cursed +1 war axe "Obudobo" {venom, +Fly rPois Int-3} (You bought it in a shop on level 2 of the Orcish Mines)
 20989 | Orc:2    | Bought a scroll of magic mapping for 52 gold pieces
 21143 | Orc:2    | Found a staircase to the Elven Halls.
 22574 | Orc:2    | Bought a scroll of remove curse for 45 gold pieces
 22711 | D:13     | Gained mutation: Your spells are a little easier to cast, but a little less powerful. [mutagenic meat]
 22712 | D:13     | Gained mutation: You are partially covered in iridescent scales (AC +4). [mutagenic meat]
 23012 | D:13     | Got a twitching iron ring
 23013 | D:13     | Identified the ring "Innecez" {rN+++ MR+ Str-4 Dex-3 Stlth+} (You found it on level 13 of the Dungeon)
 23366 | D:14     | You fall through a shaft!
 23366 | D:15     | Entered Level 15 of the Dungeon
 23477 | D:15     | Found a staircase to the Depths.
 23626 | D:15     | Reached XP level 16. HP: 166/166 MP: 4/17
 23886 | D:15     | Found a blossoming altar of Fedhas.
 24444 | D:14     | Found a gate to the Vaults.
 24476 | D:14     | Gained mutation: You are very robust (+20% HP). [potion of mutation]
 24476 | D:14     | Lost mutation: Your spells are a little easier to cast, but a little less powerful. [potion of mutation]
 24476 | D:14     | Gained mutation: You tend to lose your temper in combat. [potion of mutation]
 24477 | D:14     | Gained mutation: You passively map a large area around you. [potion of mutation]
 24477 | D:14     | Gained mutation: You are resistant to hostile enchantments. [potion of mutation]
 24911 | D:14     | Found an ancient bone altar of Kikubaaqudgha.
 25143 | Swamp:1  | Entered Level 1 of the Swamp
 25326 | Swamp:1  | You fall through a shaft!
 25450 | Swamp:2  | Reached skill level 15 in Evocations
 25685 | Swamp:2  | Reached skill level 1 in Long Blades
 26820 | Swamp:3  | Noticed Donald
 26835 | Swamp:3  | Killed Donald
 26976 | Swamp:3  | Noticed Nikola
 27004 | Swamp:3  | Killed Nikola
 27075 | Swamp:3  | Noticed Louise
 27097 | Swamp:3  | Killed Louise
 27398 | Swamp:4  | Entered Level 4 of the Swamp
 27398 | Swamp:4  | Noticed CcS's ghost (journeyman MiBe)
 27528 | Swamp:4  | Killed CcS's ghost
 27624 | Swamp:4  | Noticed a thorn hunter
 27640 | Swamp:4  | Killed a thorn hunter
 27954 | Swamp:4  | Reached XP level 17. HP: 188/190 MP: 0/19
 28256 | Swamp:4  | Noticed a bone dragon
 28275 | Swamp:4  | Killed a bone dragon
 28275 | Swamp:4  | Reached skill level 5 in Long Blades
 28292 | Swamp:4  | Got a decaying rune of Zot
 28492 | Snake:1  | Entered Level 1 of the Snake Pit
 28540 | Snake:1  | Found Eddamoq's Distillery.
 28542 | Snake:1  | Reached skill level 15 in Axes
 28543 | Snake:1  | Noticed Aizul
 28577 | Snake:1  | Killed Aizul
 28610 | Snake:1  | Found Gatuacki's Gadget Shoppe.
 28628 | Snake:1  | Bought a potion of cancellation for 80 gold pieces
 28628 | Snake:1  | Bought a potion of curing for 30 gold pieces
 28628 | Snake:1  | Bought a potion of haste for 100 gold pieces
 28628 | Snake:1  | Bought a potion of curing for 30 gold pieces
 28628 | Snake:1  | Bought a potion of resistance for 100 gold pieces
 28628 | Snake:1  | Bought a potion of curing for 30 gold pieces
 28628 | Snake:1  | Bought a potion of agility for 40 gold pieces
 28628 | Snake:1  | Bought a potion of cancellation for 80 gold pieces
 28628 | Snake:1  | Bought a potion of curing for 30 gold pieces
 28628 | Snake:1  | Bought a potion of curing for 30 gold pieces
 28651 | Snake:1  | Found Xamneragh's General Store.
 28657 | Snake:1  | Found Aheuguw's Antique Weapon Emporium.
 28659 | Snake:1  | Bought a scroll of teleportation for 42 gold pieces
 28659 | Snake:1  | Bought a scroll of remove curse for 42 gold pieces
 28659 | Snake:1  | Bought 4 fruits for 84 gold pieces
 28659 | Snake:1  | Bought a scroll of enchant armour for 105 gold pieces
 28659 | Snake:1  | Bought a scroll of teleportation for 42 gold pieces
 28695 | Snake:1  | Found a stormy altar of Qazlal.
 28807 | Snake:1  | Reached skill level 15 in Shields
 28924 | Snake:1  | Found Vutaut's Antique Armour Emporium.
 29161 | Snake:2  | Noticed Agnes
 29171 | Snake:2  | Killed Agnes
 29393 | Snake:2  | Got a faintly humming scale mail
 29394 | Snake:2  | Identified the +3 scale mail "Jigeof" {rF+ Int+5} (You found it on level 2 of the Snake Pit)
 29472 | Snake:2  | Noticed Vashnia
 30219 | Snake:4  | Entered Level 4 of the Snake Pit
 30384 | Snake:4  | Reached skill level 16 in Evocations
 30393 | Snake:4  | Found Naurekypp's Weapon Emporium.
 30777 | Snake:4  | Mutation became permanent: You passively map a large area around you. [Deep Dwarf growth]
 30777 | Snake:4  | Reached XP level 18. HP: 204/204 MP: 0/17
 30990 | Snake:4  | Got a serpentine rune of Zot
 31511 | Vaults:1 | Entered Level 1 of the Vaults
 31523 | Vaults:1 | Got a bloodstained cloak
 31524 | Vaults:1 | Identified the -3 cloak "Necoalat" {Int+3 Slay+2} (You acquired it on level 1 of the Vaults)
 32740 | Vaults:2 | Reached skill level 15 in Armour
 32998 | Vaults:2 | Reached skill level 10 in Long Blades
 32998 | Vaults:2 | Reached XP level 19. HP: 213/213 MP: 0/18
 33570 | Vaults:2 | Reached skill level 17 in Evocations
 33580 | Vaults:2 | Found a staircase to the Crypt.
 34296 | Vaults:3 | Noticed Wiglaf
 34340 | Vaults:3 | Killed Wiglaf
 35222 | Vaults:4 | Noticed a Tzitzimitl
 35504 | Vaults:4 | Found Lexzop's Assorted Antiques.
 35576 | Vaults:4 | Reached XP level 20. HP: 226/226 MP: 0/19
 35625 | Vaults:4 | Reached skill level 15 in Dodging
 36025 | Vaults:4 | Found Viosypot's Assorted Antiques.
 36033 | Vaults:4 | Bought a potion of might for 116 gold pieces
 36033 | Vaults:4 | Bought a potion of invisibility for 232 gold pieces
 36033 | Vaults:4 | Bought a bronze ring for 145 gold pieces
 36152 | Vaults:4 | Found Sixa's Assorted Antiques.
 36188 | Vaults:4 | Bought an ancient emerald amulet for 250 gold pieces
 36192 | Vaults:4 | Identified the amulet "Koydek" {Spirit rC+} (You bought it in a shop on level 4 of the Vaults)
 36277 | Vaults:5 | Entered Level 5 of the Vaults
 36415 | Vaults:4 | Reached skill level 18 in Evocations
 36553 | Vaults:5 | Noticed an ancient lich
 36559 | Vaults:5 | Noticed an ancient lich
 36564 | Vaults:5 | Killed an ancient lich
 36765 | Depths:1 | Entered Level 1 of the Depths
 37017 | Depths:1 | Reached XP level 21. HP: 238/238 MP: 0/21
 37891 | Depths:1 | Found a gateway to Hell.
 38373 | Lair:8   | Found a burning altar of Makhleb.
 38446 | Hell     | Entered the Vestibule of Hell
 38446 | Hell     | Noticed Geryon
 38466 | Hell     | Killed Geryon
 38747 | Elf:1    | Entered Level 1 of the Elven Halls
 38747 | Elf:1    | Found Mysaj's Book Shop.
 39296 | Elf:1    | Reached skill level 19 in Evocations
 39347 | Elf:1    | Reached skill level 15 in Fighting
 39387 | Elf:1    | Learned a level 2 spell: Shroud of Golubria
 39390 | Elf:1    | Learned a level 2 spell: Song of Slaying
 39394 | Elf:1    | Learned a level 3 spell: Spectral Weapon
 39404 | Elf:1    | Drew Focus: Str increased to 21, Dex decreased to 12
 39405 | Elf:1    | Lost mutation: You are weak. (Str -2) [helix card]
 39405 | Elf:1    | Gained mutation: Your muscles are strong. (Str +2) [helix card]
 39710 | Elf:2    | Found Onaod's General Store.
 39713 | Elf:2    | Bought a potion of curing for 51 gold pieces
 39713 | Elf:2    | Bought a scroll of identify for 34 gold pieces
 39713 | Elf:2    | Bought a scroll of summoning for 161 gold pieces
 39943 | Elf:2    | Found a runed gate.
 39943 | Elf:2    | Found a runed gate.
 39945 | Elf:2    | Found a runed gate.
 40135 | Elf:2    | Noticed Asterion
 40150 | Elf:2    | Killed Asterion
 40376 | Elf:3    | Entered Level 3 of the Elven Halls
 40507 | Elf:3    | Reached XP level 22. HP: 252/252 MP: 0/22
 40783 | Elf:3    | Found a portal to a secret trove of treasure.
 41021 | Elf:3    | Noticed Jorgrun
 41037 | Elf:3    | Killed Jorgrun
 41332 | Elf:3    | Identified The Arcane Arts, Part Five
 41698 | Depths:2 | Noticed Mara
 41701 | Depths:2 | Noticed inmateoo's illusion
 41708 | Depths:2 | Killed Mara
 41821 | Depths:2 | Noticed Sojobo
 41842 | Depths:2 | Killed Sojobo
 42468 | Depths:2 | Found a one-way gate to the infinite horrors of the Abyss.
 42676 | Depths:2 | Noticed a juggernaut
 42690 | Depths:2 | Killed a juggernaut
 42690 | Depths:2 | Reached skill level 20 in Evocations
 42726 | Depths:2 | Learned a level 6 spell: Deflect Missiles
 42873 | Depths:2 | Got a pair of warped gloves
 42874 | Depths:2 | Identified the +1 pair of gloves of Vanity {rPois} (You found it on level 2 of the Depths)
 42889 | Depths:2 | Got a fine plate armour
 42890 | Depths:2 | Identified the cursed +1 plate armour of Impatience {Regen+} (You found it on level 2 of the Depths)
 42980 | Depths:2 | Noticed Saint Roka
 42998 | Depths:2 | Killed Saint Roka
 43306 | Depths:3 | Found a stormy altar of Qazlal.
 43356 | Depths:3 | Reached XP level 23. HP: 243/262 MP: 0/24
 43361 | Depths:3 | Found a basalt altar of Yredelemnul.
 43361 | Depths:3 | Found a one-way gate leading to the halls of Pandemonium.
 43403 | Depths:3 | Noticed a caustic shrike
 43403 | Depths:3 | Noticed a caustic shrike
 43403 | Depths:3 | Noticed a caustic shrike
 43409 | Depths:3 | Noticed Jory
 43418 | Depths:3 | Killed a caustic shrike
 43419 | Depths:3 | Killed a caustic shrike
 43419 | Depths:3 | Killed a caustic shrike
 43422 | Depths:3 | Killed Jory
 43438 | Depths:3 | Noticed the Enchantress
 43469 | Depths:3 | Killed the Enchantress
 43504 | Depths:3 | Got a smoking cloak
 43505 | Depths:3 | Identified the +1 cloak of the Volcano {rF+ Slay+2} (You acquired it on level 3 of the Depths)
 43683 | Depths:3 | Found a burning altar of Makhleb.
 43994 | Depths:3 | Found a sparkling altar of Nemelex Xobeh.
 44132 | Depths:3 | Got a smelly plate armour
 44133 | Depths:3 | Identified the +7 plate armour of the Solstice {+Fly Str+2 Int+3} (You found it on level 3 of the Depths)
 44140 | Depths:3 | Got a pair of bloodstained boots
 44151 | Depths:3 | Identified the +3 pair of boots of Disaster {-Tele Str+7} (You found it on level 3 of the Depths)
 44168 | Depths:3 | Identified Nipnobbo's Reference Book on Hurtful Dislocation
 45020 | Depths:4 | Found a gateway to a ziggurat.
 45298 | Depths:5 | Entered Level 5 of the Depths
 45315 | Depths:5 | Reached skill level 21 in Evocations
 45324 | Depths:5 | Reached XP level 24. HP: 277/277 MP: 0/24
 45563 | Depths:5 | Found a gate to the Realm of Zot.
 46108 | Vaults:5 | Killed an ancient lich
 47019 | Vaults:5 | Got a silver rune of Zot
 47763 | Zot:1    | Entered Level 1 of the Realm of Zot
 47902 | Zot:1    | Reached skill level 22 in Evocations
 48016 | Zot:1    | Reached XP level 25. HP: 234/289 MP: 0/25
 48922 | Zot:2    | Noticed Tiamat
 49550 | Zot:2    | You fall through a shaft for 2 floors!
 49560 | Zot:4    | Noticed an orb of fire
 49843 | Zot:3    | Reached skill level 23 in Evocations
 50962 | Zot:4    | Killed Tiamat
 51214 | Zot:5    | Entered Level 5 of the Realm of Zot
 51248 | Zot:5    | Reached XP level 26. HP: 144/300 MP: 0/25
 51705 | Zot:5    | Noticed an ancient lich
 51739 | Zot:5    | Killed an ancient lich
 51758 | Zot:5    | Noticed an ancient lich
 51761 | Zot:5    | Noticed an orb of fire
 51798 | Zot:5    | Reached skill level 24 in Evocations
 51810 | Zot:5    | Killed an ancient lich
 51865 | Zot:5    | Noticed an orb of fire
 51871 | Zot:5    | Gained mutation: You occasionally shout uncontrollably at your foes. [an orb of fire]
 51875 | Zot:5    | Gained mutation: Scrolls take you a little longer to read. [an orb of fire]
 51889 | Zot:5    | Killed an orb of fire
 51915 | Zot:5    | Lost mutation: You are very robust (+20% HP). [an orb of fire]
 51922 | Zot:5    | Lost mutation: You are robust (+10% HP). [an orb of fire]
 51927 | Zot:5    | Killed an orb of fire
 51985 | Zot:5    | Noticed an ancient lich
 52005 | Zot:5    | Killed an ancient lich
 52043 | Zot:5    | Noticed an ancient lich
 52046 | Zot:5    | Noticed an orb of fire
 52061 | Zot:5    | Killed an ancient lich
 52061 | Zot:5    | Lost mutation: Your muscles are strong. (Str +2) [an orb of fire]
 52067 | Zot:5    | Gained mutation: Your body sometimes deteriorates upon taking damage. [an orb of fire]
 52071 | Zot:5    | Killed an orb of fire
 52086 | Zot:5    | Noticed an orb of fire
 52088 | Zot:5    | Noticed an ancient lich
 52091 | Zot:5    | Gained mutation: You have a pair of small antennae on your head. [an orb of fire]
 52100 | Zot:5    | Gained mutation: You are dopey. (Int -2) [an orb of fire]
 52105 | Zot:5    | Gained mutation: Your body often deteriorates upon taking damage. [an orb of fire]
 52110 | Zot:5    | Noticed an ancient lich
 52110 | Zot:5    | Gained mutation: You expend magic power (3 MP) to strengthen your wands. [an orb of fire]
 52112 | Zot:5    | Gained mutation: Your spells are a little easier to cast, but a little less powerful. [an orb of fire]
 52117 | Zot:5    | Noticed an orb of fire
 52120 | Zot:5    | Killed an orb of fire
 52133 | Zot:5    | Killed an ancient lich
 52143 | Zot:5    | Lost mutation: You are dopey. (Int -2) [potion of cure mutation]
 52143 | Zot:5    | Lost mutation: You are partially covered in iridescent scales (AC +4). [potion of cure mutation]
 52143 | Zot:5    | Lost mutation: Scrolls take you a little longer to read. [potion of cure mutation]
 52143 | Zot:5    | Lost mutation: You possess an exceptional clarity of mind. [potion of cure mutation]
 52143 | Zot:5    | Lost mutation: You expend magic power (3 MP) to strengthen your wands. [potion of cure mutation]
 52182 | Zot:5    | Noticed an ancient lich
 52199 | Zot:5    | Killed an ancient lich
 52305 | Zot:5    | Killed an ancient lich
 52337 | Zot:5    | Got the Orb of Zot
 52615 | D:12     | Noticed Guemikh the pandemonium lord
 52621 | D:12     | Reached skill level 25 in Evocations
 52640 | D:12     | Killed Guemikh the pandemonium lord
 52640 | D:12     | Reached XP level 27. HP: 196/261 MP: 9/20
 52912 | D:1      | Noticed Faxtinuq the pandemonium lord
 52935 | D:$      | Escaped with the Orb!

Skill      XL: |  1  2  3  4  5  6  7  8  9 10 11 12 13 14 15 16 17 18 19 20 21 22 23 24 25 26 |
---------------+-------------------------------------------------------------------------------+-----
Summonings     | 4 |  4.0
Stealth        | 3 4 |  4.0
Fighting       | 1 2 3 4 6 7 8 9 10 11 12 13 14 15 16 17 18 | 18.2
Axes           | 3 4 6 7 9 11 12 13 14 15 16 17 18 19 20 21 | 21.2
Armour         | 1 3 4 6 7 9 10 11 12 13 14 15 16 17 18 19 20 | 20.7
Shields        | 3 4 5 8 10 12 14 15 16 17 18 19 20 21 | 21.3
Evocations     | 4 6 9 10 12 13 14 15 16 17 18 19 20 21 22 23 25 | 25.0
Dodging        | 4 6 7 9 10 11 12 13 14 15 16 17 18 19 20 | 20.1
Long Blades    | 4 7 10 11 | 11.9
Spellcasting   | |  1.7

Action                   |  1- 3 |  4- 6 |  7- 9 | 10-12 | 13-15 | 16-18 | 19-21 | 22-24 | 25-27 || total
-------------------------+-------+-------+-------+-------+-------+-------+-------+-------+-------++-------
Melee: Dagger            |    92 |    82 |   397 |    40 |       |       |       |       |       ||   611
       Spear             |       |       |    49 |       |       |       |       |       |       ||    49
       Hand axe          |       |       |    21 |       |       |       |       |       |       ||    21
       War axe           |       |       |       |  1113 |  1500 |  1668 |  2004 |  1674 |  1137 ||  9096
       Scimitar          |       |       |       |    24 |    71 |    57 |       |       |       ||   152
Throw: Javelin           |    10 |     4 |       |       |       |       |       |       |       ||    14
       Stone             |       |     1 |     3 |       |       |       |       |       |       ||     4
       Throwing net      |       |       |     1 |     5 |     1 |       |       |       |       ||     7
 Cast: Summon Small Mamm |     3 |     4 |       |    15 |       |       |       |       |       ||    22
       Call Imp          |    10 |     5 |    49 |       |       |       |       |       |       ||    64
       Call Canine Famil |       |    12 |    50 |     3 |       |       |       |       |       ||    65
 Abil: Device Recharging |       |       |     1 |     8 |       |     4 |       |       |     6 ||    19
       Evoke Invisibilit |       |       |       |     5 |     2 |       |       |       |       ||     7
Evoke: Wand              |     1 |     2 |    34 |    66 |    29 |    32 |     2 |     5 |    31 ||   202
       Lamp of fire      |       |       |       |       |     5 |     1 |     3 |     9 |     8 ||    26
       Stone of tremors  |       |       |       |       |     5 |       |       |     2 |     4 ||    11
       Deck              |       |       |       |       |       |     2 |     4 |       |     3 ||     9
       Fan of gales      |       |       |       |       |       |     2 |     1 |     1 |     3 ||     7
       Horn of Geryon    |       |       |       |       |       |       |       |     7 |     8 ||    15
       Sack of spiders   |       |       |       |       |       |       |       |    10 |     1 ||    11
       Box of beasts     |       |       |       |       |       |       |       |       |     7 ||     7
       Phial of floods   |       |       |       |       |       |       |       |       |     4 ||     4
  Use: Scroll            |       |     4 |    25 |    14 |    13 |    18 |     6 |    23 |     9 ||   112
       Potion            |       |       |     8 |     7 |     5 |     5 |     6 |     1 |    18 ||    50
 Stab: Sleeping          |     3 |     7 |     7 |       |     3 |       |       |       |       ||    20
       Distracted        |       |       |     5 |     2 |     1 |       |     2 |    12 |     7 ||    29
       Confused          |       |       |     5 |     5 |     2 |     4 |       |     5 |       ||    21
       Invisible         |       |       |     1 |    25 |    23 |       |       |       |       ||    49
       Paralysed         |       |       |     1 |       |     7 |    40 |       |       |       ||    48
       Held in net/web   |       |       |       |       |       |       |       |     1 |       ||     1
  Eat: Chunk             |     3 |     8 |    28 |    13 |    27 |     6 |     4 |       |       ||    89
       Beef jerky        |       |       |     2 |     2 |       |       |     2 |     5 |       ||    11
       Meat ration       |       |       |       |     2 |       |       |       |       |     3 ||     5
       Royal jelly       |       |       |       |     1 |       |       |     4 |     6 |     1 ||    12
       Fruit             |       |       |       |     7 |     2 |    22 |    14 |     6 |       ||    51
       Pizza             |       |       |       |       |     6 |     7 |       |     4 |       ||    17
Armor: Leather armour    |    11 |    23 |   101 |     1 |       |       |       |       |       ||   136
       Skin              |       |       |    38 |    32 |       |       |       |       |       ||    70
       Scale mail        |       |       |       |   475 |   426 |       |       |       |       ||   901
       Chain mail        |       |       |       |       |   203 |   770 |    58 |       |       ||  1031
       Plate armour      |       |       |       |       |       |       |   604 |   721 |       ||  1325
       Gold dragon armou |       |       |       |       |       |       |       |     5 |   821 ||   826
Dodge: Dodged            |    54 |    46 |   207 |   714 |   900 |   993 |   618 |   608 |   435 ||  4575
Block: Buckler           |     9 |    13 |    88 |   271 |   501 |   179 |       |       |       ||  1061
       Shield            |       |       |       |       |       |   783 |  1148 |   984 |   818 ||  3733
       Reflection        |       |       |       |       |       |    78 |    99 |    69 |    13 ||   259
